 Dungeon Crawl Stone Soup version 0.30-a0-862-g1aabd4f9c5 (webtiles) character file.

Game seed: 1793967554122265223

779 NinjaNoafa the Grappler (level 7, -8/57 HPs)
             Began as a Ghoul Monk on Mar 8, 2023.
             Mangled by an ogre
             ... wielding a +0 giant club
              (16 damage)
             ... on level 5 of the Dungeon.
             The game lasted 00:09:56 (4508 turns).

NinjaNoafa the Grappler (Ghoul Monk)                Turns: 4508, Time: 00:09:57

Health: -8/57      AC:  9    Str: 15 (17) XL:     7   Next: 85%
Magic:  6/6        EV:  6    Int:  3 (5)  God:
Gold:   313        SH:  0    Dex: 10 (11) Spells: 6/6 levels left

rFire   . . .      SeeInvis .      - Unarmed
rCold   + . .      Faith    .    (no shield)
rNeg    + + +      Spirit   .    l - +0 chain mail
rPois   ∞          Reflect  .    k - +0 helmet
rElec   .          Rampage  .    o - scarf {+Inv}
rCorr   .                        (no gloves)
Will    .....                    (no boots) Stlth
                                 (no amulet)
HPRegen 0.00/turn                (no ring)
MPRegen 0.10/turn                (no ring)

@: inhibited regen, invisible
A: claws 1, cold resistance 1, negative energy resistance 3, inhibited
regeneration, torment resistance 2, devour on kill
a: Evoke Invisibility


You were on level 5 of the Dungeon.
You visited 1 branch of the dungeon, and saw 5 of its levels.

You collected 313 gold pieces.

Inventory:

Armour
 k - a +0 helmet (worn)
 l - a +0 chain mail (worn)
 o - a scarf of invisibility (worn)
Wands
 d - a wand of flame (20)
 n - a wand of charming (6)
Scrolls
 a - a scroll of magic mapping
 c - a scroll of enchant armour {unknown}
 e - 2 scrolls of immolation {unknown}
 f - a scroll of fear
 h - 2 scrolls of fog {unknown}
 i - 2 scrolls of noise {unknown}
 j - 2 scrolls of vulnerability {unknown}
 q - 2 scrolls of teleportation {unknown}
 u - a scroll of poison {unknown}
Potions
 g - a potion of berserk rage
 m - a potion of mutation
 p - a potion of degeneration
 s - a potion of invisibility


   Skills:
 - Level 3.2 Fighting
 - Level 2.6 Dodging
 - Level 2.1 Stealth
 + Level 9.9 Unarmed Combat


You had 6 spell levels left.
You didn't know any spells.
Your spell library contained the following spells:

 Spells                   Type           Power      Damage    Failure   Level
 Scorch                   Fire           0%         2d5       100%        2
 Flame Wave               Conj/Fire      0%         2d4       100%        4
 Summon Cactus Giant      Summ           0%         N/A       100%        6


Dungeon Overview and Level Annotations

Branches:
Dungeon (5/15)
 Temple: D:4-7

Altars:
Qazlal

Shops:
D:1 (


Innate Abilities, Weirdness & Mutations

You are immune to poison.
You have sharp fingernails.
Your flesh is cold resistant. (rC+)
You are immune to negative energy. (rN+++)
You do not regenerate when monsters are visible.
You are immune to unholy pain and torment.
You thrive by killing the living.


Message History

You open the door.
There is an open door here.
Your movement speed is average.
Your attack delay is about 0.8.
Your damage rating with unarmed combat is about 16 (Base [5 + 9 (UC)] x 112% (Str) x 105% (Fight)).
Your base attributes are Str 17, Int 5, Dex 11.
There is an open door here.
Found a stone staircase leading down.
HP restored.
There is an open door here.
There is an open door here.
An ogre comes into view. It is wielding a +0 giant club.
The ogre shouts!
An ogre is nearby!
An ogre is nearby!
An ogre is nearby!
An ogre is nearby!
An ogre is nearby!
An ogre is nearby!
An ogre is nearby!
An orc comes into view. It is wielding a +0 mace.
The orc shouts!
You scratch the ogre.
The ogre is moderately wounded.
You scratch the ogre.
The ogre is moderately wounded.
The ogre hits you with a +0 giant club!!
You scratch the ogre.
The ogre is heavily wounded.
The ogre hits you with a +0 giant club!!
* * * LOW HITPOINT WARNING * * *
There is an open door here.
There is an open door here.
There is an open door here.
It was a potion of magic.
Magic courses through your body. The ogre hits you with a +0 giant club!
* * * LOW HITPOINT WARNING * * *
You feel better. The ogre completely misses you.
You fade into invisibility!
The ogre hits you with a +0 giant club!
You die...

. #....#o....#
#....'.....#
#....#.....#
#..###.....#####
###.o#......##...#
#....#......#....#
#....#......#....#
#...o#......#..o.#
#....'......#..O@#
######......#....#
##.....######....#
.#.....'.........#
.#.....#.........#
.#..>..#.........#
##.....#.........#
..################
..#


You could see an ogre (unable to see you) and an orc (unable to see you).

Vanquished Creatures
  Edmund (D:5)
  Duvessa (D:4)
  Pargi (D:3)
  An ice beast (D:4)
  A scorpion (D:5)
  Dowan (D:4)
  2 jellies
  An orc wizard (D:5)
  Robin (D:2)
  8 adders
  4 gnolls (D:4)
  2 worms
  6 dart slugs
  2 orcs (D:5)
  3 ball pythons
  5 bats
  7 endoplasms
  2 giant cockroaches
  13 goblins
  6 hobgoblins
  A quokka (D:4)
  A kobold (D:1)
  3 rats
73 creatures vanquished.

Notes
Turn   | Place    | Note
-------+----------+-------------------------------------------
     0 | D:1      | NinjaNoafa the Ghoul Monk began the quest for the Orb.
     0 | D:1      | Reached XP level 1. HP: 19/19 MP: 0/0
    87 | D:1      | Found Dixap's Weapon Shoppe.
   197 | D:1      | Found a faded altar of an unknown god.
   462 | D:1      | Reached XP level 2. HP: 17/26 MP: 1/1
   544 | D:1      | Reached skill level 4 in Unarmed Combat
  1101 | D:2      | Reached XP level 3. HP: 19/31 MP: 2/2
  1265 | D:2      | Noticed Robin
  1396 | D:2      | Reached skill level 5 in Unarmed Combat
  1578 | D:2      | Reached XP level 4. HP: 32/38 MP: 3/3
  1580 | D:2      | Killed Robin
  2313 | D:3      | Noticed Pargi
  2336 | D:3      | Killed Pargi
  2337 | D:3      | Reached skill level 6 in Unarmed Combat
  2337 | D:3      | Reached XP level 5. HP: 37/45 MP: 4/4
  2830 | D:4      | Reached skill level 7 in Unarmed Combat
  2830 | D:4      | Noticed Duvessa
  2830 | D:4      | Noticed Dowan
  2872 | D:4      | Killed Duvessa
  2873 | D:4      | Reached XP level 6. HP: 30/51 MP: 5/5
  2891 | D:4      | Killed Dowan
  2892 | D:4      | Reached skill level 8 in Unarmed Combat
  3274 | D:4      | Reached XP level 7. HP: 56/57 MP: 6/6
  3860 | D:5      | Entered Level 5 of the Dungeon
  3911 | D:5      | Reached skill level 9 in Unarmed Combat
  3924 | D:5      | Noticed Edmund
  4246 | D:5      | Identified the +2 ring mail of Midsummer {Rampage +Inv rN+
                  | Str-3}
  4272 | D:5      | Found a stormy altar of Qazlal.
  4274 | D:5      | Killed Edmund
  4508 | D:5      | Mangled by an ogre

Illustrated notes

Levels and vault maps discovered:
D:1:      sevenhm_arrival_forest_fort_large_4, layout_basic, serial_shops,
          shop_statue, serial_aquarium, aquarium_bridge_square
          [aquarium_subvault_wall, aquarium_subvault_window,
          aquarium_subvault_bridge, aquarium_subvault_bridge],
          aquarium_bridge_long_separate [aquarium_subvault_bridge,
          aquarium_subvault_bridge, aquarium_subvault_bridge,
          aquarium_subvault_window, aquarium_subvault_bridge,
          aquarium_subvault_bridge], aquarium_window_fake, aquarium_window_1,
          aquarium_view_2d, aquarium_balcony_1b, aquarium_pool_2,
          shapermc_ecumenical_altar_ellora
D:2:      layout_basic, uniq_robin
D:3:      layout_basic, uniq_pargi
D:4:      layout_basic, kennysheep_little_box,
          nicolae_concentric_dashed_squares_wild, uniq_duvessa
D:5:      layout_gridville, nicolae_qazlal_scattered_showers,
          nicolae_wu_jian_glorious_leap, minivault_27, uniq_edmund

Skill      XL: |  1  2  3  4  5  6  7 |
---------------+----------------------+-----
Unarmed Combat | 4 5 6 7 8 9 |  9.9
Fighting       | |  3.2
Dodging        | |  2.6
Stealth        | |  2.1

Action                     |  1- 3 |  4- 6 |  7- 9 || total
---------------------------+-------+-------+-------++-------
  Melee: Unarmed           |    84 |   107 |    80 ||   271
         Punch             |     2 |     5 |     4 ||    11
    Use: Potion            |       |     5 |     9 ||    14
         Scroll            |       |       |     3 ||     3
   Stab: Sleeping          |     2 |       |       ||     2
         Invisible         |       |       |     1 ||     1
 Armour: Robe              |    10 |       |       ||    10
         Leather armour    |    14 |       |       ||    14
         Chain mail        |       |    57 |    33 ||    90
  Dodge: Dodged            |    61 |    44 |    24 ||   129

Table legend: (Time is in decaauts)
 A = Elapsed time spent in this place.
 B = Non-inter-level travel time spent in this place.
 C = Inter-level travel time spent in this place.
 D = Time resting spent in this place.
 E = Time spent auto-exploring this place.
 F = Levels seen in this place.
 G = Mean time per level.
                   A        B        C        D        E       F      G
               +--------+--------+--------+--------+--------+-----+--------+
         Total |   4474 |   4105 |    369 |     14 |   2861 |   5 |  894.8 |
       Dungeon |   4474 |   4105 |    369 |     14 |   2861 |   5 |  894.8 |
               +--------+--------+--------+--------+--------+-----+--------+

Top non-repeatable levels by time:
     D:1: 1258 daAuts
     D:4: 1043 daAuts
     D:2: 996 daAuts
     D:5: 637 daAuts
     D:3: 539 daAuts
